 Dungeon Crawl Stone Soup version 0.29.1-1-gd02db6906a (webtiles) character file.

Game seed: 17893065958310152706

119 Draeca the Gusty (level 4, -13/30 HPs)
             Began as a Demonspawn Air Elementalist on Oct 7, 2022.
             Mangled by an ogre
             ... wielding a +0 giant spiked club
              (21 damage)
             ... on level 2 of the Dungeon.
             The game lasted 00:22:14 (2057 turns).

Draeca the Gusty (Demonspawn Air Elementalist)      Turns: 2057, Time: 00:22:15

Health: -13/30     AC:  2    Str:  9    XL:     4   Next: 74%
Magic:  8/8        EV: 12    Int: 24    God:
Gold:   101        SH:  0    Dex: 13    Spells: 5/8 levels left

rFire   . . .      SeeInvis .   c - +0 dagger
rCold   . . .      Faith    .   (no shield)
rNeg    . . .      Spirit   .   a - +0 robe
rPois   .          Reflect  .   (no helmet)
rElec   .          Harm     .   (no cloak)
rCorr   .          Rampage  .   (no gloves)
Will    .....                   (no boots)
Stlth   ++........              (no amulet)
HPRegen 0.10/turn               o - +6 ring of intelligence
MPRegen 0.22/turn               (no ring)

@: no status effects
A: magic regeneration
a: no special abilities


You were on level 2 of the Dungeon.
You visited 1 branch of the dungeon, and saw 3 of its levels.

You collected 101 gold pieces.

Inventory:

Hand Weapons
 c - a +0 dagger (weapon)
 d - a +0 spear
Armour
 a - a +0 robe (worn)
Jewellery
 o - a +6 ring of intelligence (left hand)
Scrolls
 g - a scroll of summoning {unknown}
 h - 2 scrolls of magic mapping {unknown}
 i - a scroll of vulnerability
 j - a scroll of fog {unknown}
 l - a scroll of identify {unknown}
 m - a scroll of acquirement {unknown}
 p - a scroll of immolation {unknown}
 q - a scroll of noise {unknown}
 r - a scroll of fear {unknown}
 s - 2 scrolls of enchant armour {unknown}
Potions
 b - a potion of magic
 e - 2 potions of curing {unknown}
 f - a potion of brilliance {unknown}
 k - a potion of attraction {unknown}
 n - a potion of lignification {unknown}


   Skills:
 + Level 2.5 Dodging
 + Level 2.6 Stealth
 + Level 2.6 Spellcasting
 + Level 2.2 Conjurations
 + Level 3.2 Air Magic


You had 5 spell levels left.
You knew the following spells:

 Your Spells              Type           Power      Damage    Failure   Level
a - Shock                 Conj/Air       64%        1d7       3%          1
b - Static Discharge      Conj/Air       16%        3-5/arc   5%          2

Your spell library contained the following spells:

 Spells                   Type           Power      Damage    Failure   Level
 Swiftness                Air            18%        N/A       9%          3
 Airstrike                Air            9%         2d(2-18)  28%         4


Dungeon Overview and Level Annotations

Branches:
Dungeon (3/15)

Altars:
Gozag


Innate Abilities, Weirdness & Mutations

You regenerate magic rapidly.


Message History

Found an escape hatch in the floor.
Aiming: Shock (safe; 3% risk of failure)
Press: ? - help, Q - select action, (/) - cycle Shift-Dir - straight line, f - ogre
Aim: an ogre, wielding a +0 giant spiked club (wandering, hasn't noticed you, 86% to hit)
The zap hits the ogre.
The ogre is lightly wounded.
The ogre shouts!
Aiming: Shock (safe; 3% risk of failure)
Press: ? - help, Q - select action, (/) - cycle Shift-Dir - straight line, f/p - ogre
Aim: an ogre, wielding a +0 giant spiked club (lightly wounded, 86% to hit)
The zap hits the ogre.
The ogre is lightly wounded.
Aiming: Shock (safe; 3% risk of failure)
Press: ? - help, Q - select action, (/) - cycle Shift-Dir - straight line, f/p - ogre
Aim: an ogre, wielding a +0 giant spiked club (lightly wounded, 86% to hit)
The zap hits the ogre.
The ogre is moderately wounded.
Aiming: Shock (safe; 3% risk of failure)
Press: ? - help, Q - select action, (/) - cycle Shift-Dir - straight line, f/p - ogre
Aim: an ogre, wielding a +0 giant spiked club (moderately wounded, 86% to hit)
The zap hits the ogre.
The ogre is moderately wounded.
The ogre hits you with a +0 giant spiked club!!
Ouch! That really hurt!
* * * LOW HITPOINT WARNING * * *
There is an open door here.
There is a stone staircase leading up here.
You climb upwards.
There is a stone staircase leading down here.
There is a stone staircase leading down here.
You climb downwards.
The ogre closely misses you.
There is a stone staircase leading up here.
The ogre hits you with a +0 giant spiked club!!
Ouch! That really hurt!
* * * LOW HITPOINT WARNING * * *
You climb upwards.
There is a stone staircase leading down here.
The ogre hits you with a +0 giant spiked club!!
Ouch! That really hurt!
You die...

#.....................
#.##.#.............###
#.##.##...#..#####.#
#.##.....##..# #.###
#............## #....
####>##.###..รท##
#.###
#.##........###.#
#O####.....)....#
#.@.).......#####
########...## ##..###
#..).## ##..##.#####
#...........
#..#........
#.........^.
##.#.....[.#


You could see an ogre.

Vanquished Creatures
  4 gnolls (D:2)
  2 adders (D:2)
  3 dart slugs
  4 bats (D:2)
  4 endoplasms
  4 giant cockroaches
  10 goblins
  3 hobgoblins
  3 kobolds
  4 quokkas
  6 ball pythons
  2 frilled lizards (D:1)
  4 rats
53 creatures vanquished.

Notes
Turn   | Place    | Note
-------+----------+-------------------------------------------
     0 | D:1      | Draeca the Demonspawn Air Elementalist began the quest for
                  | the Orb.
     0 | D:1      | Reached XP level 1. HP: 13/13 MP: 3/3
   416 | D:1      | Gained mutation: You regenerate magic rapidly. [demonic
                  | ancestry]
   416 | D:1      | Reached XP level 2. HP: 19/19 MP: 1/5
   717 | D:1      | Reached XP level 3. HP: 23/24 MP: 2/6
   804 | D:1      | Reached skill level 3 in Air Magic
  1225 | D:2      | Found an opulent altar of Gozag.
  1241 | D:2      | Learned a level 2 spell: Static Discharge
  1266 | D:2      | Reached XP level 4. HP: 26/30 MP: 2/7
  1748 | D:3      | Noticed an ogre
  1758 | D:3      | HP: 1/30 [ogre/+0 giant spiked club (29)]
  2057 | D:2      | Mangled by an ogre

Illustrated notes

Levels and vault maps discovered:
D:1:      shiori_arrival_maze, layout_basic, nicolae_figureground_pulse
D:2:      layout_loops_ring, basic_altar
D:3:      minmay_evil_eye, layout_basic, mainiacjoe_overflow_surrounded_room,
          nicolae_ecumenical_pavilion, uniq_sigmund

Skill      XL: |  1  2  3 |
---------------+----------+-----
Stealth        | 2 |  2.6
Dodging        | 2 |  2.5
Air Magic      | 3 |  3.2
Conjurations   | 2 |  2.2
Spellcasting   | |  2.6

Action                   |  1- 3 |  4- 6 || total
-------------------------+-------+-------++-------
Melee: Dagger            |    43 |       ||    43
       Unarmed           |     2 |       ||     2
       Punch             |     2 |       ||     2
 Cast: Shock             |    78 |    21 ||    99
  Use: Scroll            |       |     1 ||     1
Armor: Robe              |    13 |       ||    13
Dodge: Dodged            |    32 |     1 ||    33
